 Dungeon Crawl Stone Soup version 0.27-a0-686-gaed091b46b (webtiles) character file.

Game seed: 6108791565527300039

5 sahdkjhfkaj the Magician (level 1, -1/10 HPs)
             Began as a Deep Elf Hedge Wizard on Mar 20, 2021.
             Killed from afar by a dart slug (5 damage)
             ... with a slug dart
             ... while paralysed by Ijyb
             ... on level 3 of the Dungeon.
             The game lasted 00:00:20 (476 turns).

sahdkjhfkaj the Magician (Deep Elf Hedge Wizard)     Turns: 476, Time: 00:00:21

Health: -1/10      AC:  2    Str:  7    XL:     1   Next: 66%
Magic:  0/8        EV:  2    Int: 18    God:
Gold:   57         SH:  0    Dex: 14    Spells: 8/9 levels left

rFire    . . .     SeeInvis .   a - +0 dagger
rCold    . . .     Faith    .   (no shield)
rNeg     . . .     Spirit   .   b - +0 robe
rPois    .         Reflect  .   c - +0 hat
rElec    .         Harm     .   (no cloak)
rCorr    .         Rampage  .   (no gloves)
Will     .....                  (no boots)
Stlth    ++........             (no amulet)
HPRegen  0.03/turn              (no ring)
MPRegen  0.11/turn              (no ring)

@: paralysed, very slightly contaminated
A: no striking features
a: no special abilities


You were on level 3 of the Dungeon.
You visited 1 branch of the dungeon, and saw 3 of its levels.

You collected 57 gold pieces.

Inventory:

Hand Weapons
 a - a +0 dagger (weapon)
Armour
 b - a +0 robe (worn)
 c - a +0 hat (worn)
Jewellery
 e - a +6 ring of dexterity
 g - a +4 ring of evasion
Scrolls
 d - a scroll of enchant weapon {unknown}
Potions
 f - 2 potions of curing {unknown}


   Skills:
 - Level 2.4 Dodging
 - Level 2.4 Stealth
 + Level 4.9 Spellcasting
 - Level 1.1 Conjurations
 - Level 1.1 Summonings
 - Level 1.1 Translocations


You had 8 spell levels left.
You knew the following spells:

 Your Spells              Type           Power      Damage    Failure   Level
a - Magic Dart            Conj           32%        1d4       9%          1

Your spell library contained the following spells:

 Spells                   Type           Power      Damage    Failure   Level
 Blink                    Tloc           N/A        N/A       13%         2
 Call Imp                 Summ           8%         N/A       13%         2
 Slow                     Hex            4%         N/A       21%         2
 Conjure Flame            Conj/Fire      6%         6-21      32%         3
 Mephitic Cloud           Conj/Pois/Air  5%         N/A       34%         3


Dungeon Overview and Level Annotations

Branches:
Dungeon (3/15)

Altars:
Cheibriados

Annotations:
D:3 Ijyb


Message History

The magic dart hits the bat.
The bat is heavily wounded.
The magic dart hits the bat.
You kill the bat!
You can't see any susceptible monsters within range! (Use Z to cast anyway.)
You can't see any susceptible monsters within range! (Use Z to cast anyway.)
A dart slug comes into view.
A dart slug is nearby!
A dart slug is nearby!
You miscast Magic Dart.
You are very lightly contaminated with residual magic.
Nothing appears to happen.
The magic dart hits the dart slug.
The dart slug is moderately wounded.
You hear a shout!
Ijyb the Twisted Goblin comes into view.
She is wielding a +1 spectral club and carrying a wand of paralysis (10).
The magic dart hits the dart slug.
The dart slug is severely wounded.
The magic dart hits the dart slug but does no damage.
The dart slug is severely wounded.
You miscast Magic Dart.
Nothing appears to happen.
The magic dart hits the dart slug but does no damage.
The dart slug is heavily wounded.
A goblin comes into view. It is wielding a +0 club.
The magic dart hits the dart slug.
The dart slug is severely wounded.
The goblin shouts!
Ijyb screams, "I cut your head off!"
You miscast Magic Dart.
Nothing appears to happen.
The magic dart hits the dart slug.
The dart slug is almost dead.
You are too depleted to draw on your mana recklessly!
The dart slug launches a dart at you. The slug dart hits you.
Ouch! That really hurt!
Ijyb zaps a wand.
You suddenly lose the ability to move!
The dart slug launches a dart at you. The slug dart hits you.
Ouch! That really hurt!
You die...

..........##........<......
..........##...............
..........##...............
...........+...............
..........##...............
...............#####.###...
...........###.# #.# ...
...........# #.. #.# ##
..........@###
.............#
.............#
...####......# ... +..gw..+
.. #.g....# ........#
.........# .........#


You could see Ijyb, a dart slug and a goblin.

Vanquished Creatures
  A giant cockroach (D:3)
  2 ball pythons (D:1)
  2 bats
  A frilled lizard (D:3)
6 creatures vanquished.

Notes
Turn   | Place    | Note
-------+----------+-------------------------------------------
     0 | D:1      | sahdkjhfkaj the Deep Elf Hedge Wizard began the quest for
                  | the Orb.
     0 | D:1      | Reached XP level 1. HP: 10/10 MP: 7/7
    58 | D:1      | Found a snail-covered altar of Cheibriados.
   466 | D:3      | Noticed Ijyb
   476 | D:3      | Paralysed by Ijyb for 7 turns
   476 | D:3      | Killed from afar by a dart slug

Illustrated notes

Levels and vault maps discovered:
D:1:      wander_arrival_chamber, layout_basic, cheibriados_altar_1
D:2:      layout_loops_ring, serial_glass, glass_columns_a, glass_columns_a,
          glass_columns_a, glass_columns_c, uniq_sigmund
D:3:      layout_basic, minmay_misc_feat_encased, uniq_crazy_yiuf_cottage,
          uniq_ijyb

Action                   || total
-------------------------++-------
 Cast: Magic Dart        ||    17

Table legend: (Time is in decaauts)
 A = Elapsed time spent in this place.
 B = Non-inter-level travel time spent in this place.
 C = Inter-level travel time spent in this place.
 D = Time resting spent in this place.
 E = Time spent auto-exploring this place.
 F = Levels seen in this place.
 G = Mean time per level.
                   A        B        C        D        E       F      G
               +--------+--------+--------+--------+--------+-----+--------+
         Total |    475 |    475 |      0 |      0 |    433 |   3 |  158.3 |
       Dungeon |    475 |    475 |      0 |      0 |    433 |   3 |  158.3 |
               +--------+--------+--------+--------+--------+-----+--------+

Top non-repeatable levels by time:
     D:1: 322 daAuts
     D:3: 102 daAuts
     D:2: 50 daAuts
